 Dungeon Crawl Stone Soup version 0.17.0-57-g0e89251 (webtiles) character file.

397 JokEr the Skirmisher (level 6, -23/41 HPs)
             Began as a Gargoyle Berserker on Dec 8, 2015.
             Was a Priest of Trog.
             Annihilated by an ogre
             ... wielding a +0 giant spiked club
              (27 damage)
             ... on level 4 of the Dungeon.
             The game lasted 00:08:52 (4668 turns).

JokEr the Skirmisher (Gargoyle Berserker)           Turns: 4668, Time: 00:08:53

Health: -23/41     AC: 15    Str: 23    XL:     6   Next: 83%
Magic:  6/6        EV: 11    Int:  7    God:    Trog [***...]
Gold:   183        SH:  0    Dex:  9    Spells: 0 memorised, 5 levels left

rFire  . . .     SeeInvis .     a - +1 mace
rCold  . . .     Clarity  .     e - +0 ring mail
rNeg   + . .     SustAt   .     (no shield)
rPois  ∞         Gourm    .     q - +0 helmet
rElec  +         Spirit   .     (no cloak)
rCorr  .         Warding  .     u - +0 pair of gloves
rMut   .         Stasis   .     (no boots)
MR     .....                    (no amulet)
Stlth  ..........               s - +3 ring of protection
                                (no ring)

@: not resistant to hostile enchantments, extremely unstealthy
A: negative energy resistance 1, electricity resistance, unbreathing,
petrification resistance, rot immunity, AC +4
a: Berserk, Trog's Hand, Burn Spellbooks, Renounce Religion


You were on level 4 of the Dungeon.
You worshipped Trog.
Trog was most pleased with you.
You were not hungry.

You visited 1 branch of the dungeon, and saw 4 of its levels.

You collected 183 gold pieces.

Inventory:

Hand Weapons
 a - a +1 mace (weapon)
Armour
 b - a +0 animal skin
 e - a +0 ring mail (worn)
 q - a +0 helmet (worn)
 u - a +0 pair of gloves (worn)
Jewellery
 k - a cursed -4 ring of intelligence
 m - an uncursed ring of protection from cold {unknown}
 n - an uncursed ring of wizardry {unknown}
 s - a +3 ring of protection (right hand)
Scrolls
 f - 3 scrolls of immolation
 i - 4 scrolls of remove curse
 j - 2 scrolls of teleportation
 r - a scroll of magic mapping
Potions
 c - 2 potions of brilliance {unknown}
 d - a potion of mutation {unknown}
 l - a potion of lignification {unknown}
 o - a potion of flight {unknown}
 p - 2 potions of heal wounds {unknown}
 t - 2 potions of degeneration {unknown}
Comestibles
 g - 4 meat rations
 h - a fruit


   Skills:
 + Level 6.1 Fighting
 + Level 5.7 Maces & Flails
 - Level 2.1 Armour
 - Level 1.5 Dodging


You had 5 spell levels left.
You didn't know any spells.

Dungeon Overview and Level Annotations

Branches:
Dungeon (4/15)
 Temple: D:4-7

Altars:
Ashenzari
Trog
Xom
Yredelemnul


Innate Abilities, Weirdness & Mutations

You are resistant to torment.
Your stone body is resilient (AC +4).
You are immune to poison.
You resist negative energy.
You are resistant to electric shocks.
You can survive without breathing.
You are immune to petrification.
You are immune to rotting.


Message History

The ogre hits you but does no damage.
You hit the ogre.
The ogre is almost dead.
The ogre hits you with a giant spiked club!
You barely miss the ogre.
The ogre is severely wounded.
You hit the ogre.
The ogre is almost dead.
The ogre hits you with a giant spiked club!!
Ouch! That really hurt!
* * * LOW HITPOINT WARNING * * *
Read which item? (? for menu, Esc to quit)
Okay, then.
Drink which item? (? for menu, Esc to quit)
Okay, then.
You hit the ogre but do no damage.
The ogre is almost dead.
The ogre hits you with a giant spiked club!!
Ouch! That really hurt!
You die...

###...### ##.......##
#######.####..)......#
...........'.†.......+
##......####.........#
#..##.## ##.......#
#.....# ##.....##
#...#.# ##...##
#.#..># ##'## #.##..#
#@# #.##..# #O#
#.....# #.# ## #.##
... .. ... ..... ##.#(
###..


You could see an ogre.

Vanquished Creatures
  2 orc priests
  A hound (D:4)
  A worker ant (D:4)
  3 orc wizards (D:4)
  3 gnolls (D:3)
  6 adders
  An ooze (D:4)
  4 worms
  3 giant geckos
  13 orcs
  6 bats
  6 giant cockroaches
  10 hobgoblins
  4 jackals (D:4)
  7 giant newts
  10 goblins
  5 kobolds
  8 rats
93 creatures vanquished.

Notes
Turn   | Place    | Note
--------------------------------------------------------------
     0 | D:1      | JokEr the Gargoyle Berserker began the quest for the Orb.
     0 | D:1      | Reached XP level 1. HP: 14/14 MP: 1/1
   172 | D:1      | Reached XP level 2. HP: 14/19 MP: 2/2
   493 | D:1      | Reached XP level 3. HP: 16/24 MP: 3/3
   867 | D:2      | Reached skill level 4 in Fighting
   918 | D:2      | Noticed a moth of wrath
   920 | D:2      | Found a bloodstained altar of Trog.
   940 | D:2      | Reached ** piety under Trog
  1502 | D:2      | Reached XP level 4. HP: 12/29 MP: 4/4
  2476 | D:3      | Reached XP level 5. HP: 11/34 MP: 5/5
  2728 | D:3      | Found a basalt altar of Yredelemnul.
  2728 | D:3      | Found a shattered altar of Ashenzari.
  2775 | D:3      | Found a shimmering altar of Xom.
  3074 | D:3      | Reached skill level 5 in Fighting
  3656 | D:4      | Reached *** piety under Trog
  3656 | D:4      | Reached skill level 5 in Maces & Flails
  3658 | D:4      | Reached XP level 6. HP: 19/40 MP: 6/6
  4198 | D:4      | HP: 2/41 [orc wizard/magic dart (6)]
  4200 | D:4      | Reached skill level 6 in Fighting
  4655 | D:4      | Noticed an ogre
  4668 | D:4      | Annihilated by an ogre

Action                   |  1- 3 |  4- 6 || total
-------------------------+-------+-------++-------
Melee: Mace              |   116 |   237 ||   353
Invok: Berserk           |     1 |     1 ||     2
  Use: Scroll            |       |    11 ||    11
  Eat: Bread ration      |     1 |     1 ||     2
       Fruit             |       |     3 ||     3
       Pizza             |       |     2 ||     2
       Royal jelly       |       |     1 ||     1
